 Dungeon Crawl Stone Soup version 0.30.1-4-g462c640d31 (webtiles) character file.

Game seed: 16157019652713067734

354 HagarQim the Digger (level 6, -3/33 HPs)
             Began as a Gargoyle Earth Elementalist on Aug 24, 2023.
             Slain by an iguana (5 damage)
             ... on level 4 of the Dungeon.
             The game lasted 00:14:13 (3937 turns).

HagarQim the Digger (Gargoyle Earth Elementalist)   Turns: 3937, Time: 00:14:14

Health: -3/33      AC: 11    Str: 11    XL:     6   Next: 63%
Magic:  3/12       EV: 12    Int: 18    God:
Gold:   206        SH:  0    Dex: 10    Spells: 8/13 levels left

rFire   + + .        u - staff of fire
rCold   . . .        (no shield)
rNeg    + . .        a - +1 robe
rPois   ∞            d - +1 helmet
rElec   +            (no cloak)
rCorr   +            q - +1 pair of gloves
SInv    .            (no boots)
Will    .....        (no amulet)
Stlth   ++           m - ring of protection from fire
HPRegen 0.25/turn    o - ring of resist corrosion
MPRegen 0.13/turn

%: no passive effects
@: no status effects
A: sickness immunity, AC +4, negative energy resistance 1, electricity
resistance, torment resistance 1, petrification resistance
a: no special abilities


You were on level 4 of the Dungeon.
You visited 1 branch of the dungeon, and saw 4 of its levels.

You collected 206 gold pieces.

Inventory:

Armour
 a - a +1 robe (worn)
 d - a +1 helmet (worn)
 q - a +1 pair of gloves (worn)
Magical Staves
 u - a staff of fire (weapon)
Jewellery
 m - a ring of protection from fire (left hand)
 o - a ring of resist corrosion (right hand)
 v - a ring of positive energy
Wands
 e - a wand of paralysis (10)
Scrolls
 p - a scroll of silence
 t - a scroll of vulnerability
Potions
 b - a potion of magic
 c - 6 potions of curing
 k - 2 potions of lignification


   Skills:
 + Level 0.5 Fighting
 + Level 0.9 Staves
 + Level 1.8 Dodging
 + Level 2.9 Stealth
 + Level 0.6 Unarmed Combat
 + Level 4.0 Spellcasting
 * Level 3.4 Conjurations
 + Level 0.7 Transmutations
 + Level 5.0 Earth Magic


You had 8 spell levels left.
You knew the following spells:

 Your Spells              Type           Power      Damage    Failure   Level
a - Sandblast             Erth           42%        2d11      1%          1
b - Magic Dart            Conj           64%        1d6       3%          1
c - Stone Arrow           Conj/Erth      36%        3d9       8%          3

Your spell library contained the following spells:

 Spells                   Type           Power      Damage    Failure   Level
 Searing Ray              Conj           32%        2d5       5%          2
 Passwall                 Tmut/Erth      10%        N/A       7%          2
 Ozocubu's Armour         Ice            3%         N/A       41%         3
 Petrify                  Tmut/Erth      13%        N/A       41%         4
 Fulminant Prism          Conj/Hex       4%         3d5       58%         4
 Summon Ice Beast         Ice/Summ       3%         N/A       82%         4
 Metabolic Englaciation   Hex/Ice        1%         N/A       99%         5
 Summon Mana Viper        Hex/Summ       3%         N/A       99%         5
 Simulacrum               Ice/Necr       1%         N/A       100%        6
 Monstrous Menagerie      Summ           1%         N/A       100%        7


Dungeon Overview and Level Annotations

Branches:
Dungeon (4/15)
 Temple: D:4-7

Altars:
Fedhas
Zin


Innate Abilities, Weirdness & Mutations

You are immune to sickness and miasma.
Your stone body is resilient. (AC +4)
You are immune to poison.
You resist negative energy. (rN+)
You are resistant to electric shocks. (rElec)
You are resistant to unholy torment.
You are immune to petrification.


Message History

Aim: an iguana (lightly wounded, 100% to hit)
The magic dart hits the iguana but does no damage.
The iguana is lightly wounded.
The iguana closely misses you.
Casting: Magic Dart (safe; 3% risk of failure)
Confirm with . or Enter, or press ? or * to list all spells.
Aiming: Magic Dart (safe; 3% risk of failure)
Press: ? - help, Shift-Dir - straight line, f/p - iguana
Aim: an iguana (lightly wounded, 100% to hit)
The magic dart hits the iguana but does no damage.
The iguana is lightly wounded.
The iguana bites you.
The iguana hisses menacingly.
Things that are here:
a +0 dagger; 5 stones; a scroll labelled PAMPOS JATIOMP The iguana attacks as you move away!
The iguana closely misses you. The iguana attacks as you move away!
The iguana bites you but does no damage.
Things that are here:
a +0 giant club; an ogre corpse The iguana attacks as you move away!
The iguana bites you.
Okay, then.
Unknown command.
Aiming: Sandblast (safe; 1% risk of failure)
Press: ? - help, Q - select action, (/) - cycle Shift-Dir - straight line, f - you, p - iguana
Okay, then.
Unknown command.
Okay, then.
It was a potion of cancellation.
You feel magically purged. The iguana barely misses you.
You hit the iguana.
The iguana is moderately wounded.
The iguana bites you but does no damage.
You barely miss the iguana.
The iguana is moderately wounded.
The iguana bites you!
* * * LOW HITPOINT WARNING * * *
There is a stone staircase leading up here.
The iguana attacks as you move away! The iguana bites you.
You die...

#..... ##..... ...... ##
# #.... ### ..
..#....#### .. ..
#.........# ##.# .#
#.........# #..######.#
#......@l.####.# #...†).
.......(.......###.###.#
.............)...).# ..
..........##.......# #.
#..............[...# .
#.........###..##### .
#..............# .#
#####..##..###.# ..#
##..#..## #.#


You could see an iguana.

Vanquished Creatures
  A black bear (D:3)
  An ogre (D:4)
  2 orc priests (D:3)
  An orc wizard (D:3)
  2 adders (D:3)
  3 shadow imps (D:3)
  6 orcs
  2 ball pythons
  5 bats
  2 endoplasms (D:3)
  3 giant cockroaches
  9 goblins
  4 hobgoblins
  3 quokkas
  A frilled lizard (D:1)
  4 kobolds
  4 rats
53 creatures vanquished.

Notes
Turn   | Place    | Note
-------+----------+-------------------------------------------
     0 | D:1      | HagarQim the Gargoyle Earth Elementalist began the quest
                  | for the Orb.
     0 | D:1      | Reached XP level 1. HP: 10/10 MP: 3/3
   704 | D:1      | Reached skill level 4 in Earth Magic
   704 | D:1      | Reached XP level 2. HP: 15/15 MP: 1/5
  1600 | D:2      | Reached XP level 3. HP: 19/19 MP: 4/6
  1692 | D:3      | Found a transporter.
  1695 | D:3      | Found a transporter.
  1751 | D:3      | Found a glowing silver altar of Zin.
  1752 | D:3      | Found a blossoming altar of Fedhas.
  1795 | D:3      | Learned a level 1 spell: Magic Dart
  1944 | D:3      | Reached skill level 1 in Conjurations
  2409 | D:3      | Reached XP level 4. HP: 13/24 MP: 4/8
  3043 | D:3      | Reached XP level 5. HP: 28/28 MP: 4/10
  3289 | D:4      | Noticed an ogre
  3332 | D:3      | Learned a level 3 spell: Stone Arrow
  3362 | D:4      | Noticed a black bear
  3386 | D:3      | Killed a black bear
  3387 | D:3      | Reached XP level 6. HP: 32/32 MP: 5/11
  3861 | D:4      | Reached skill level 5 in Earth Magic
  3933 | D:4      | HP: 1/33 [iguana (10)]
  3937 | D:4      | Slain by an iguana

Illustrated notes

Levels and vault maps discovered:
D:1:      roderic_chinese_lattice_arrival, layout_loops_cross
D:2:      layout_loops_ring
D:3:      gammafunk_wand_slinger, layout_rooms,
          chequers_temple_overflow_statue_of_worship
D:4:      layout_rooms, serial_shops, nicolae_shop_window_shopping, uniq_robin

Skill      XL: |  1  2  3  4  5  6 |
---------------+-------------------+-----
Earth Magic    | 4 5 |  5.0
Conjurations   | 1 2 3 |  3.4
Spellcasting   | 3 4 |  4.0
Fighting       | |  0.5
Staves         | |  0.9
Dodging        | |  1.8
Stealth        | |  2.9
Unarmed Combat | |  0.6
Transmutations | |  0.7

Action                     |  1- 3 |  4- 6 || total
---------------------------+-------+-------++-------
  Melee: Unarmed           |     6 |       ||     6
         Staff             |       |     8 ||     8
   Cast: Sandblast         |    41 |    11 ||    52
         Magic Dart        |    13 |    88 ||   101
  Evoke: Wand              |       |     1 ||     1
    Use: Scroll            |     5 |     7 ||    12
         Potion            |       |     6 ||     6
   Stab: Sleeping          |     1 |       ||     1
 Armour: Skin              |       |    19 ||    19
         Robe              |       |    11 ||    11
  Dodge: Dodged            |     9 |    31 ||    40
